NYP
BROOKLYN CYCLONES @ WEST VIRGINIA BLACK BEARS
08/15/2047
 
TOP OF THE 1ST
Brooklyn Cyclones batting - Pitching for West Virginia Black Bears : LHP Grady Hebert
Pitching: LHP Grady Hebert
Batting: LHB Elmo Dreier 0-0: Called Strike
0-1: Fly out, F4 (Line Drive, 4M, EV 73.1 MPH)
Batting: SHB Callum Lynch 0-0: Called Strike
0-1: Hit by Pitch
Batting: RHB Omar Novoa 0-0: Called Strike
0-1: Ball
1-1: SINGLE (Groundball, 4MD, EV 108.1 MPH)
Callum Lynch to second
Batting: RHB Mike Patterson 0-0: Called Strike
0-1: Ball
1-1: Swinging Strike
1-2: Fielders Choice at 2nd, 1-4 (Groundball, 15S, EV 70.0 MPH)
Callum Lynch to third
Batting: LHB Miguel Ramos 0-0: Called Strike
0-1: Called Strike
0-2: Ball
1-2: Strikes out swinging
Top of the 1st over - 0 runs, 1 hit, 0 errors, 2 left on base; Brooklyn 0 - West Virginia 0
BOTTOM OF THE 1ST
West Virginia Black Bears batting - Pitching for Brooklyn Cyclones : RHP Andy Carrell
Pitching: RHP Andy Carrell
Batting: RHB Ken Manser 0-0: Ball
1-0: Called Strike
1-1: Called Strike
1-2: Fly out, F7 (Flyball, 78D, EV 78.1 MPH)
Batting: RHB Brandon White 0-0: Swinging Strike
0-1: Called Strike
0-2: Ball
1-2: Foul Ball, location: 2F
1-2: Ball
2-2: Ball
3-2: Base on Balls
Batting: RHB Dave Fredericks 0-0: Ground out 6-3 (Groundball, 6S, EV 68.8 MPH)
Brandon White to second
Batting: RHB Rick Pittman 0-0: Foul Ball, location: 2F
0-1: Ground out 6-3 (Groundball, 6S, EV 83.8 MPH)
Bottom of the 1st over - 0 runs, 0 hits, 0 errors, 1 left on base; Brooklyn 0 - West Virginia 0
TOP OF THE 2ND
Brooklyn Cyclones batting - Pitching for West Virginia Black Bears : LHP Grady Hebert
Batting: RHB Tom Primmer 0-0: Foul Ball, location: 2F
0-1: Swinging Strike
0-2: Ball
1-2: Strikes out swinging, 2-3 out at first.
Batting: SHB Duri Chilemba 0-0: Called Strike
0-1: Ground out 5-3 (Groundball, 5S, EV 86.2 MPH)
Batting: RHB Andy Carrell 0-0: Fly out, F9 (Flyball, 9S, EV 79.4 MPH)
Top of the 2nd over - 0 runs, 0 hits, 0 errors, 0 left on base; Brooklyn 0 - West Virginia 0
BOTTOM OF THE 2ND
West Virginia Black Bears batting - Pitching for Brooklyn Cyclones : RHP Andy Carrell
Batting: SHB Don Hauk 0-0: Foul Ball, location: 2F
0-1: Called Strike
0-2: Ball
1-2: Strikes out swinging
Batting: RHB Terrence Wilson 0-0: Swinging Strike
0-1: Ball
1-1: Foul Ball, location: 2F
1-2: Ball
2-2: Foul Ball, location: 2F
2-2: Foul Ball, location: 2F
2-2: Ground out 5-3 (Groundball, 5L, EV 85.0 MPH)
Batting: LHB Aito Harada 0-0: Ball
1-0: Called Strike
1-1: Swinging Strike
1-2: Strikes out swinging
Bottom of the 2nd over - 0 runs, 0 hits, 0 errors, 0 left on base; Brooklyn 0 - West Virginia 0
TOP OF THE 3RD
Brooklyn Cyclones batting - Pitching for West Virginia Black Bears : LHP Grady Hebert
Batting: RHB Pete Orban 0-0: Ball
1-0: Ball
2-0: Called Strike
2-1: Ball
3-1: Foul Ball, location: 2F
3-2: Base on Balls
Batting: LHB Elmo Dreier 0-0: Called Strike
0-1: Called Strike
0-2: Grounds into double play, 4-6-3 (Groundball, 4, EV 100.0 MPH)
Batting: SHB Callum Lynch 0-0: Ball
1-0: Ball
2-0: Ball
3-0: Called Strike
3-1: Foul Ball, location: 2F
3-2: Foul Ball, location: 2F
3-2: Base on Balls
Batting: RHB Omar Novoa 0-0: Called Strike
0-1: Swinging Strike
0-2: Strikes out looking
Top of the 3rd over - 0 runs, 0 hits, 0 errors, 1 left on base; Brooklyn 0 - West Virginia 0
BOTTOM OF THE 3RD
West Virginia Black Bears batting - Pitching for Brooklyn Cyclones : RHP Andy Carrell
Batting: RHB Chris Beckham 0-0: Called Strike
0-1: Ball
1-1: SINGLE (Groundball, 6MD, EV 107.5 MPH)
Batting: RHB Tyler West 0-0: Ball
1-0: Swinging Strike
1-1: Swinging Strike
1-2: Ball
2-2: Strikes out swinging
Batting: RHB Ken Manser 0-0: Ball
1-0: Foul Ball, location: 2F
1-1: Ball
2-1: Foul Ball, location: 2F
2-2: Ball
3-2: Fielders Choice at 2nd, 6-4 (Groundball, 6M, EV 88.8 MPH)
Batting: RHB Brandon White 0-0: Ball
1-0: Called Strike
1-1: Ground out 5-3 (Groundball, 25, EV 90.0 MPH)
Bottom of the 3rd over - 0 runs, 1 hit, 0 errors, 1 left on base; Brooklyn 0 - West Virginia 0
TOP OF THE 4TH
Brooklyn Cyclones batting - Pitching for West Virginia Black Bears : LHP Grady Hebert
Batting: RHB Mike Patterson 0-0: Called Strike
0-1: Swinging Strike
0-2: Ball
1-2: Ball
2-2: Strikes out looking
Batting: LHB Miguel Ramos 0-0: Foul Ball, location: 2F
0-1: Ball
1-1: Ball
2-1: Foul Ball, location: 2F
2-2: Ball
3-2: Strikes out looking
Batting: RHB Tom Primmer 0-0: Ball
1-0: Foul Ball, location: 2F
1-1: Foul Ball, location: 2F
1-2: Foul Ball, location: 2F
1-2: Ball
2-2: Foul Ball, location: 2F
2-2: Ball
3-2: Strikes out swinging
Top of the 4th over - 0 runs, 0 hits, 0 errors, 0 left on base; Brooklyn 0 - West Virginia 0
BOTTOM OF THE 4TH
West Virginia Black Bears batting - Pitching for Brooklyn Cyclones : RHP Andy Carrell
Batting: RHB Dave Fredericks 0-0: Called Strike
0-1: Ball
1-1: Ball
2-1: Foul Ball, location: 2F
2-2: Ball
3-2: Fly out, F7 (Line Drive, 7S, EV 94.4 MPH)
Batting: RHB Rick Pittman 0-0: Called Strike
0-1: Ball
1-1: Foul Ball, location: 2F
1-2: Strikes out swinging
Batting: SHB Don Hauk 0-0: Called Strike
0-1: Ball
1-1: Ball
2-1: Ball
3-1: Swinging Strike
3-2: Base on Balls
Batting: RHB Terrence Wilson 0-0: Called Strike
0-1: Called Strike
0-2: Ball
1-2: Ball
2-2: SINGLE (Groundball, 5S, EV 70.0 MPH) (infield hit)
Don Hauk to second
Batting: LHB Aito Harada 0-0: Ball
1-0: Called Strike
1-1: Foul Ball, location: 2F
1-2: Strikes out swinging
Bottom of the 4th over - 0 runs, 1 hit, 0 errors, 2 left on base; Brooklyn 0 - West Virginia 0
TOP OF THE 5TH
Brooklyn Cyclones batting - Pitching for West Virginia Black Bears : LHP Grady Hebert
Batting: SHB Duri Chilemba 0-0: Called Strike
0-1: Called Strike
0-2: Strikes out swinging, 2-3 out at first.
Batting: RHB Andy Carrell 0-0: Fly out, F7 (Flyball, 7S, EV 81.9 MPH)
Batting: RHB Pete Orban 0-0: Ball
1-0: Foul Ball, location: 2F
1-1: Foul Ball, location: 2F
1-2: Ball
2-2: Ball
3-2: Strikes out swinging
Top of the 5th over - 0 runs, 0 hits, 0 errors, 0 left on base; Brooklyn 0 - West Virginia 0
BOTTOM OF THE 5TH
West Virginia Black Bears batting - Pitching for Brooklyn Cyclones : RHP Andy Carrell
Batting: RHB Chris Beckham 0-0: Ball
1-0: Ball
2-0: Ball
3-0: Called Strike
3-1: Swinging Strike
3-2: Strikes out looking
Batting: RHB Tyler West 0-0: Called Strike
0-1: Ground out 6-3 (Groundball, 6S, EV 64.4 MPH)
Batting: RHB Ken Manser 0-0: Ball
1-0: Swinging Strike
1-1: Foul Ball, location: 2F
1-2: Foul Ball, location: 2F
1-2: Foul Ball, location: 2F
1-2: Ball
2-2: Strikes out swinging
Bottom of the 5th over - 0 runs, 0 hits, 0 errors, 0 left on base; Brooklyn 0 - West Virginia 0
TOP OF THE 6TH
Brooklyn Cyclones batting - Pitching for West Virginia Black Bears : LHP Grady Hebert
Batting: LHB Elmo Dreier 0-0: Called Strike
0-1: Ground out 3-1 (Groundball, 34S, EV 81.9 MPH)
Batting: SHB Callum Lynch 0-0: Called Strike
0-1: Ball
1-1: Ball
2-1: Swinging Strike
2-2: Foul Ball, location: 2F
2-2: Foul Ball, location: 2F
2-2: Strikes out swinging
Batting: RHB Omar Novoa 0-0: Ball
1-0: Called Strike
1-1: Ground out 6-3 (Groundball, 6, EV 85.0 MPH)
Top of the 6th over - 0 runs, 0 hits, 0 errors, 0 left on base; Brooklyn 0 - West Virginia 0
BOTTOM OF THE 6TH
West Virginia Black Bears batting - Pitching for Brooklyn Cyclones : RHP Andy Carrell
Pitching: LHP Mike Mathews
Batting: RHB Brandon White 0-0: Called Strike
0-1: Ball
1-1: Ball
2-1: Ground out 5-3 (Groundball, 56S, EV 86.2 MPH)
Batting: RHB Dave Fredericks 0-0: Ball
1-0: Foul Ball, location: 2F
1-1: Foul Ball, location: 2F
1-2: Ball
2-2: Hit by Pitch
Batting: RHB Rick Pittman 0-0: Ball
1-0: Ball
Balk!
Dave Fredericks to second
2-0: Called Strike
2-1: Foul Ball, location: 2F
2-2: Ball
3-2: Foul Ball, location: 2F
3-2: Foul Ball, location: 2F
3-2: Foul Ball, location: 2F
3-2: Foul Ball, location: 2F
3-2: Foul Ball, location: 2F
3-2: DOUBLE (Line Drive, 9LM, EV 103.1 MPH)
Dave Fredericks scores
Batting: SHB Don Hauk 0-0: Intentional Walk
Batting: RHB Terrence Wilson 0-0: Foul Ball, location: 2F
0-1: Ground out 5-3 (Groundball, 56S, EV 65.6 MPH)
Rick Pittman to third
Don Hauk to second
Batting: LHB Aito Harada 0-0: Foul Ball, location: 2F
0-1: Swinging Strike
0-2: Ball
1-2: Strikes out looking
Bottom of the 6th over - 1 run, 1 hit, 0 errors, 2 left on base; Brooklyn 0 - West Virginia 1
TOP OF THE 7TH
Brooklyn Cyclones batting - Pitching for West Virginia Black Bears : LHP Grady Hebert
Batting: RHB Mike Patterson 0-0: Ball
1-0: Foul Ball, location: 2F
1-1: Called Strike
1-2: Strikes out swinging
Batting: LHB Miguel Ramos 0-0: Called Strike
0-1: DOUBLE (Line Drive, 3D, EV 95.6 MPH)
Pitching: RHP Jaylen Walker
Pinch Hitting: SHB Evan Armagost 0-0: Ball
1-0: Ball
2-0: Ball
3-0: Base on Balls
Pinch Hitting: RHB Jayden Copeland 0-0: Foul Ball, location: 2F
0-1: SINGLE (Groundball, 34D, EV 96.9 MPH)
Miguel Ramos to third
Evan Armagost to second
Runner from 3rd tries for Home, SAFE, throw by RF to home
Batting: RHB Andy Carrell 0-0: Foul Ball, location: 2F
0-1: Called Strike
0-2: Foul Ball, location: 2F
0-2: Strikes out swinging
Pinch Hitting: SHB Chris Keziah 0-0: Ball
1-0: Foul Ball, location: 2F
1-1: Foul Ball, location: 2F
1-2: Strikes out swinging wild pitch, reaches first!
Evan Armagost to third
Jayden Copeland to second
Batting: LHB Elmo Dreier 0-0: Ball
1-0: Ball
2-0: SINGLE (Groundball, 6M, EV 98.8 MPH)
Evan Armagost scores
Jayden Copeland to third
Chris Keziah to second
Runner from 3rd tries for Home, throw by CF and OUT! 8-2
Top of the 7th over - 2 runs, 3 hits, 0 errors, 2 left on base; Brooklyn 2 - West Virginia 1
BOTTOM OF THE 7TH
West Virginia Black Bears batting - Pitching for Brooklyn Cyclones : LHP Mike Mathews
Pitching: RHP Marko Martin
Now at 2B: Chris Keziah
Now at 3B: Omar Novoa
Now in LF: Luis Garcia
Now in CF: Jack Nickleberry
Pinch Hitting: LHB Joe Wise 0-0: Ball
1-0: Ball
2-0: Ball
3-0: Called Strike
3-1: Called Strike
3-2: Fly out, F8 (Flyball, 8RD, EV 83.8 MPH)
Batting: RHB Tyler West 0-0: Ground out 6-3 (Groundball, 6, EV 90.6 MPH)
Batting: RHB Ken Manser 0-0: Ball
1-0: Ball
2-0: Called Strike
2-1: Ball
3-1: Foul Ball, location: 2F
3-2: Foul Ball, location: 2F
3-2: Strikes out swinging
Bottom of the 7th over - 0 runs, 0 hits, 0 errors, 0 left on base; Brooklyn 2 - West Virginia 1
TOP OF THE 8TH
Brooklyn Cyclones batting - Pitching for West Virginia Black Bears : RHP Jaylen Walker
Now at 3B: Dan Kurtz
Batting: SHB Callum Lynch 0-0: Called Strike
0-1: Ball
1-1: Ball
2-1: SINGLE (Groundball, P, EV 86.2 MPH) (infield hit)
Pitching: LHP Lennart Hjelm
Batting: RHB Omar Novoa 0-0: DOUBLE (Line Drive, 7LS, EV 93.1 MPH)
Callum Lynch to third
Runner from 3rd tries for Home, SAFE, throw by LF to trailing runner, SAFE at third!
Batting: RHB Mike Patterson 0-0: Intentional Walk
Batting: LHB Miguel Ramos 0-0: Called Strike
0-1: Called Strike
0-2: Ball
1-2: Foul Ball, location: 2F
1-2: Ball
2-2: Foul Ball, location: 2F
2-2: Strikes out swinging
Batting: RHB Jack Nickleberry 0-0: Ball
1-0: Swinging Strike
1-1: Ball
2-1: Reached on error, E5 (Groundball, 56S, EV 66.9 MPH)
Omar Novoa scores
Mike Patterson to third
Batting: RHB Luis Garcia 0-0: Ball
1-0: Called Strike
1-1: Ball
Passed Ball!
Mike Patterson scores
Jack Nickleberry to third
2-1: Swinging Strike
2-2: Ball
3-2: Strikes out swinging
Batting: RHB Andy Carrell 0-0: Ball
1-0: Ball
2-0: SINGLE (Groundball, 56D, EV 108.1 MPH)
Jack Nickleberry scores
Batting: SHB Chris Keziah 0-0: Called Strike
0-1: Ball
1-1: Ball
2-1: Ground out 5-3 (Groundball, 56S, EV 83.1 MPH)
Top of the 8th over - 4 runs, 3 hits, 1 error, 1 left on base; Brooklyn 6 - West Virginia 1
BOTTOM OF THE 8TH
West Virginia Black Bears batting - Pitching for Brooklyn Cyclones : RHP Marko Martin
Batting: RHB Brandon White 0-0: Called Strike
0-1: Ball
1-1: Ball
2-1: Ground out 2-3 (Groundball, 2L, EV 68.8 MPH)
Pinch Hitting: LHB Jody Hudson 0-0: Foul Ball, location: 2F
0-1: Ball
1-1: Swinging Strike
1-2: SOLO HOME RUN (Line Drive, 78XD, EV 111.2 MPH), Distance : 452 ft
Batting: RHB Rick Pittman 0-0: Ball
1-0: Ball
2-0: Ground out 6-3 (Groundball, 6, EV 108.1 MPH)
Batting: SHB Don Hauk 0-0: Called Strike
0-1: Swinging Strike
0-2: Hit by Pitch
Batting: RHB Terrence Wilson 0-0: Swinging Strike
0-1: Ball
1-1: Ball
2-1: Ground out 6-3 (Groundball, 6S, EV 91.2 MPH)
Bottom of the 8th over - 1 run, 1 hit, 0 errors, 1 left on base; Brooklyn 6 - West Virginia 2
TOP OF THE 9TH
Brooklyn Cyclones batting - Pitching for West Virginia Black Bears : LHP Lennart Hjelm
Pitching: RHP Justin West
Now in LF: Don Hauk
Now in RF: Ricky Carbajal
Batting: LHB Elmo Dreier 0-0: Ball
1-0: Called Strike
1-1: Ball
2-1: Swinging Strike
2-2: Ball
3-2: Base on Balls
Batting: SHB Callum Lynch 0-0: Ball
Elmo Dreier steals 2nd base
1-0: Called Strike
Elmo Dreier is caught stealing 3rd base 2-5
1-1: Fly out, F9 (Flyball, 89M, EV 85.6 MPH)
Batting: RHB Omar Novoa 0-0: Foul Ball, location: 2F
0-1: Ball
1-1: Ball
2-1: Ball
3-1: Called Strike
3-2: Strikes out swinging
Top of the 9th over - 0 runs, 0 hits, 0 errors, 0 left on base; Brooklyn 6 - West Virginia 2
BOTTOM OF THE 9TH
West Virginia Black Bears batting - Pitching for Brooklyn Cyclones : RHP Marko Martin
Batting: LHB Aito Harada 0-0: Foul Ball, location: 2F
0-1: Ground out U3 (Groundball, 3, EV 106.2 MPH)
Pinch Hitting: LHB Alberto Figueroa 0-0: Called Strike
0-1: Ball
1-1: Called Strike
1-2: Foul Ball, location: 2F
1-2: Foul Ball, location: 2F
1-2: Ground out U3 (Groundball, 34S, EV 88.1 MPH)
Batting: RHB Tyler West 0-0: DOUBLE (Line Drive, 9LM, EV 101.2 MPH)
Pitching: RHP Amare Golden
Batting: RHB Ken Manser 0-0: Called Strike
0-1: Foul Ball, location: 2F
0-2: Strikes out swinging
Bottom of the 9th over - 0 runs, 1 hit, 0 errors, 1 left on base; Brooklyn 6 - West Virginia 2
Thursday, December 15th , 2022 - OOTP Baseball 23.9 Build 102